 Dungeon Crawl Stone Soup version 0.22.0-13-g43fe8f2 (webtiles) character file.

59 Faca the Cutter (level 4, 0/32 HPs)
             Began as a Halfling Abyssal Knight on Aug 16, 2018.
             Was a Follower of Lugonu.
             Slain by a centaur (5 damage)
             ... on level 3 of the Dungeon.
             The game lasted 00:04:45 (2125 turns).

Faca the Cutter (Halfling Abyssal Knight)           Turns: 2125, Time: 00:04:46

Health: 0/32       AC:  5    Str: 13    XL:     4   Next: 22%
Magic:  5/5        EV: 12    Int: 10    God:    Lugonu [*.....]
Gold:   110        SH:  0    Dex: 14    Spells: 3/3 levels left

rFire    . . .     SeeInvis .   a - +1 short sword
rCold    . . .     Gourm    .   (shield restricted)
rNeg     . . .     Faith    .   d - +0 ring mail
rPois    .         Spirit   .   (no helmet)
rElec    .         Reflect  .   (no cloak)
rCorr    .         Harm     .   (no gloves)
MR       .....                  (no boots)
Stlth    +.........             (no amulet)
HPRegen  0.10/turn              (no ring)
MPRegen  0.09/turn              (no ring)

@: no status effects
A: small, mutation resistance 1
a: Depart the Abyss, Renounce Religion


You were on level 3 of the Dungeon.
You worshipped Lugonu.
Lugonu was aware of your devotion.
You were not hungry.

You visited 1 branch of the dungeon, and saw 3 of its levels.
You visited the Abyss 1 time.

You collected 110 gold pieces.

Inventory:

Hand Weapons
 a - a +1 short sword (weapon)
 f - a +0 hunting sling
Missiles
 b - 23 stones (quivered)
 m - 9 sling bullets
Armour
 d - a +0 ring mail (worn)
Jewellery
 k - an uncursed ring of fire
Scrolls
 e - a scroll of fog {unknown}
 h - 3 scrolls of identify {unknown}
 l - 2 scrolls of blinking {unknown}
 n - a scroll of teleportation {unknown}
Potions
 g - 2 potions of lignification {unknown}
 i - a potion of degeneration {unknown}
 j - 2 potions of curing {unknown}
Comestibles
 c - 2 rations


   Skills:
 + Level 3.6 Fighting
 + Level 4.0 Short Blades
 - Level 2.1 Armour
 - Level 1.1 Dodging
 - Level 2.0 Invocations


You had 3 spell levels left.
You didn't know any spells.
Your spell library was empty.

Dungeon Overview and Level Annotations

Branches:
Dungeon (3/15)

Altars:
Dithmenos
Elyvilon


Innate Abilities, Weirdness & Mutations

You are small and have problems with some larger weapons.
You are somewhat resistant to further mutation.


Message History

The centaur hits you.
You hit the centaur but do no damage. The centaur closely misses you.
You hit the centaur.
The centaur is lightly wounded.
The centaur completely misses you.
The centaur hits you but does no damage.
You hit the centaur but do no damage.
The centaur is lightly wounded.
The centaur hits you.
You hit the centaur but do no damage.
The centaur is lightly wounded.
The centaur barely misses you.
You hit the centaur but do no damage.
The centaur is lightly wounded.
The centaur misses you. The centaur hits you.
* * * LOW HITPOINT WARNING * * *
You hit the centaur.
The centaur is moderately wounded.
The centaur hits you.
You die...

##################
........†(....(@c#
............#(#..#
..###.####...###.##
#. #.#.#.##..## .
..[.##..#.#.# .#
###.# .#(.#.. #. #.
#......## # #.
#.......#
..$.......#


You could see a centaur.

Vanquished Creatures
  2 adders (D:2)
  2 giant cockroaches
  10 hobgoblins
  3 kobolds
  6 bats
  3 frilled lizards (D:1)
  8 goblins
  4 rats
38 creatures vanquished.

Notes
Turn   | Place    | Note
-------+----------+-------------------------------------------
     0 | Abyss:1  | Faca the Halfling Abyssal Knight began the quest for the Orb.
     0 | Abyss:1  | Reached XP level 1. HP: 15/15 MP: 2/2
    69 | Abyss:1  | Noticed a thrashing horror
    71 | D:1      | Escaped the Abyss
   187 | D:1      | Reached XP level 2. HP: 16/20 MP: 3/3
   192 | D:1      | Reached * piety under Lugonu
   268 | D:1      | Reached skill level 3 in Short Blades
   940 | D:2      | Reached XP level 3. HP: 26/26 MP: 4/4
  1017 | D:2      | Found a white marble altar of Elyvilon.
  1623 | D:2      | Reached XP level 4. HP: 28/31 MP: 5/5
  2105 | D:3      | Found a shadowy altar of Dithmenos.
  2106 | D:3      | Noticed a centaur
  2117 | D:3      | Reached skill level 4 in Short Blades
  2125 | D:3      | Slain by a centaur

Skill      XL: |  1  2  3  4 |
---------------+-------------+-----
Fighting       | 3 |  3.6
Short Blades   | 3 4 |  4.0
Armour         | |  2.1
Dodging        | |  1.1
Invocations    | |  2.0

Action                   |  1- 3 |  4- 6 || total
-------------------------+-------+-------++-------
Melee: Short sword       |   123 |    26 ||   149
 Fire: Hunting sling     |     2 |       ||     2
Invok: Depart the Abyss  |     1 |       ||     1
 Stab: Sleeping          |     1 |       ||     1
  Eat: Ration            |     1 |       ||     1
       Chunk             |     1 |       ||     1
Armor: Leather armour    |     1 |       ||     1
       Ring mail         |    32 |    10 ||    42
Dodge: Dodged            |    66 |    19 ||    85
